 Dungeon Crawl Stone Soup version 0.18-a0-1805-g8ab820f (webtiles) character file.

86 MrRokkomies the Chucker (level 4, -1/45 HPs)
             Began as an Ogre Hunter on Apr 26, 2016.
             Was an Initiate of Ashenzari.
             Slain by an orc
             ... wielding a +0 club
              (4 damage)
             ... on level 3 of the Dungeon.
             The game lasted 00:10:58 (2321 turns).

MrRokkomies the Chucker (Ogre Hunter)               Turns: 2321, Time: 00:10:59

Health: -1/45      AC: -2    Str: 17    XL:     4   Next: 49%
Magic:  4/4        EV: 10    Int: 10    God:    Ashenzari [......]
Gold:   35         SH:  0    Dex: 11    Spells: 0 memorised, 3 levels left

rFire  . . .     SeeInvis .     i - +0 whip
rCold  . . .     Gourm    .     b - +0 robe
rNeg   . . .     Faith    .     (no shield)
rPois  .         Spirit   .     (helmet restricted)
rElec  .         Dismiss  .     (no cloak)
rCorr  .         Reflect  .     (gloves unavailable)
SustAt .         Harm     .     (boots unavailable)
MR     .....                    (no amulet)
Stlth  +.........               (no ring)
                                p - -5 ring of protection (curse)

@: not resistant to hostile enchantments, very unstealthy
A: unfitting armour, tough skin 1
a: Curse Item, Renounce Religion


You were on level 3 of the Dungeon.
You worshipped Ashenzari.
Ashenzari was noncommittal.
You were hungry.

You visited 1 branch of the dungeon, and saw 3 of its levels.

You collected 35 gold pieces.

Inventory:

Hand Weapons
 a - a +0 short sword
 i - a +0 whip (weapon)
Missiles
 d - 2 throwing nets (quivered)
 g - 80 stones
Armour
 b - a +0 robe (worn)
Jewellery
 e - an uncursed ring of ice
 p - a cursed -5 ring of protection (left hand)
Scrolls
 j - 2 scrolls of identify
 m - 2 scrolls of magic mapping
Comestibles
 f - a bread ration
 l - 2 fruits
 o - a meat ration


   Skills:
 - Level 3.1 Fighting
 * Level 3.1 Maces & Flails
 * Level 5.0 Throwing
 - Level 1.7 Dodging
 - Level 0.7 Stealth


You had 3 spell levels left.
You didn't know any spells.

Dungeon Overview and Level Annotations

Branches:
Dungeon (3/15)

Altars:
Ashenzari


Innate Abilities, Weirdness & Mutations

You are too large for most types of armour.
You have tough skin (AC +1).


Message History

Press: ? - help, Shift-Dir - straight line, f/p - orc priest
Aim: an orc priest, wielding a flail and wearing a ring mail (almost dead)
You throw a large rock.
The large rock closely misses the orc priest.
The orc barely misses you. The orc priest hits you with a flail.
* * * LOW HITPOINT WARNING * * *
The orc closely misses you.
You hit the orc priest but do no damage.
The orc priest is almost dead.
The orc priest barely misses you. The orc barely misses you.
You hit the orc priest but do no damage.
The orc priest is almost dead.
The orc priest barely misses you. The orc hits you with a club.
* * * LOW HITPOINT WARNING * * *
You closely miss the orc priest.
The orc priest is almost dead.
The orc priest hits you with a flail.
* * * LOW HITPOINT WARNING * * *
The orc hits you with a club.
You die...

.(.
(. ..
(####
(...#
#...#
#.((#
#oo.#
#@..#
#...#
#...#
#.###
#.#
#.#
#..
###


You could see an orc priest and an orc.

Vanquished Creatures
  3 adders (D:2)
  An ooze (D:1)
  2 dart slugs
  4 giant geckos (D:2)
  3 orcs
  3 ball pythons
  A giant cockroach (D:2)
  3 goblins
  5 hobgoblins
  2 jackals (D:1)
  4 kobolds (D:2)
  5 bats
  4 giant newts
  4 rats
44 creatures vanquished.

Notes
Turn   | Place    | Note
--------------------------------------------------------------
     0 | D:1      | MrRokkomies the Ogre Hunter began the quest for the Orb.
     0 | D:1      | Reached XP level 1. HP: 22/22 MP: 1/1
   264 | D:1      | You fall through a shaft!
   321 | D:2      | Reached XP level 2. HP: 7/31 MP: 2/2
   746 | D:1      | Reached skill level 1 in Maces & Flails
   897 | D:1      | Reached XP level 3. HP: 36/37 MP: 3/3
  1742 | D:2      | Reached XP level 4. HP: 28/45 MP: 4/4
  1795 | D:2      | Found a shattered altar of Ashenzari.
  1970 | D:2      | Became a worshipper of Ashenzari the Shackled
  2067 | D:2      | Reached skill level 5 in Throwing
  2321 | D:3      | Slain by an orc

Vault maps used:
D:1:      minmay_arrival_arboretum_small
D:2:      lemuel_round_altar
D:3:      grunt_temple_overflow_order_and_chaos_1

Skill      XL: |  1  2  3  4 |
---------------+-------------+-----
Fighting       | 3 |  3.1
Maces & Flails | 1 2 3 |  3.1
Throwing       | 5 |  5.0
Dodging        | |  1.7
Stealth        | |  0.7

Action                   |  1- 3 |  4- 6 || total
-------------------------+-------+-------++-------
Melee: Short sword       |    51 |       ||    51
       Whip              |   114 |    30 ||   144
Throw: Stone             |    12 |     9 ||    21
       Large rock        |     3 |    11 ||    14
  Use: Scroll            |     6 |     1 ||     7
       Potion            |       |     1 ||     1
 Stab: Sleeping          |     2 |       ||     2
  Eat: Chunk             |     2 |     2 ||     4
Armor: Robe              |    49 |       ||    49
Dodge: Dodged            |   119 |    28 ||   147
